Lightning vs Canadiens
(R1)
Created - 27 novembre 2016 at 20:49
Goals
|
| Lightning |
2 |
1 |
2 |
5 |
| Canadiens |
1 |
0 |
2 |
3 |
|
Shots
|
| Lightning |
12 |
14 |
5 |
31 |
| Canadiens |
8 |
6 |
14 |
28 |
|
1st period
1. Canadiens , Marek Svatos 8 (Dennis Wideman, Patrick Sharp) at 8:57 (PP)
2. Lightning , Henrik Zetterberg 8 (Wayne Simmonds, Wes O'Neill) at 10:26
3. Lightning , Robert Nilsson 9 (Henrik Zetterberg) at 10:36
Penalties :
Kris Versteeg (TB.) for Interference (Minor) at 8:31, Torey Krug (Mon) for Boarding (Minor) at 14:40, Henrik Zetterberg (TB.) for Boarding (Major) at 17:55
2nd period
4. Lightning , Wayne Simmonds 3 (Chris Higgins, Pierre-Marc Bouchard) at 18:04 (PP)
Penalties :
Torey Krug (Mon) for Charging (Minor) at 1:07, John Carlson (TB.) for Hooking (Minor) at 3:42, Wayne Simmonds (TB.) for Hooking (Minor) at 10:42, Rene Bourque (Mon) for Hooking (Minor) at 16:16, Dustin Boyd (Mon) for High sticking (Minor) at 17:08
3rd period
5. Canadiens , Andrei Loktionov 4 (Patrick Sharp, Marek Svatos) at 7:15
6. Lightning , John Carlson 2 (Henrik Zetterberg, Kris Versteeg) at 13:20 (PP)
7. Lightning , Brent Burns 5 (Kris Versteeg, Henrik Zetterberg) at 13:35 (PP)
8. Canadiens , Greg Stewart 4 (Dustin Boyd, Evgeny Dadonov) at 15:08
Penalties :
Kris Versteeg (TB.) for Hooking (Minor) at 1:34, Torey Krug (Mon) for Hooking (Minor) at 7:34, Matt Carle (Mon) for Charging (Double Minor) at 13:04, Marek Svatos (Mon) for Charging (Double Minor) at 15:42
Goalie Stats
Tyler Weiman (TB.), 25 saves from 28 shots - (0,893), W, 9-4-2, 60:00 minutes
Jonathan Bernier (Mon), 26 saves from 31 shots - (0,839), L, 6-5-2, 60:00 minutes
Players Stats for Lightning
Player Name G A P +/- PIM S H SB GA TA FO MP PP MP PK MP
------------------------------------------------------------------------------------
Andy Rogers 0 0 0 0 0 1 0 0 0 2 0/0 19:34 1:29 6:33
Brent Burns 1 0 1 -1 0 4 1 2 0 0 0/0 27:39 8:06 3:02
Chris Higgins 0 1 1 0 0 1 1 0 0 0 0/1 14:58 3:33 0:27
Daniel Carcillo 0 0 0 0 0 1 0 0 0 0 0/0 9:42 1:38 0:00
Darroll Powe 0 0 0 -1 0 0 2 1 1 0 0/1 7:56 0:00 3:09
Henrik Zetterberg 1 3 4 1 5 2 3 0 0 0 3/4 17:27 6:21 0:00
Jamie Langenbrunner 0 0 0 1 0 0 1 0 0 0 1/1 15:46 1:26 2:54
Jeff Schultz 0 0 0 -1 0 0 3 2 0 1 0/0 22:43 0:12 6:33
John Carlson 1 0 1 0 2 2 1 1 0 0 0/0 20:02 6:20 0:00
Kris Versteeg 0 2 2 0 4 2 1 0 1 1 0/0 17:31 5:28 0:00
Logan Couture 0 0 0 0 0 2 3 0 0 0 7/24 18:24 0:52 5:41
Pierre-Luc Létourneau 0 0 0 -1 0 0 1 0 0 0 0/0 5:15 0:32 0:00
Pierre-Marc Bouchard 0 1 1 0 0 1 4 0 0 0 6/8 12:26 4:13 0:00
Robert Nilsson 1 0 1 1 0 10 0 0 0 0 18/27 21:58 6:20 1:17
Sheldon Keefe 0 0 0 -1 0 1 1 1 0 0 1/1 13:04 0:00 5:42
Victor Hedman 0 0 0 1 0 0 0 1 0 0 0/0 14:43 4:37 0:00
Wayne Simmonds 1 1 2 0 2 3 1 0 0 0 2/2 11:44 4:10 0:00
Wes O'Neill 0 1 1 1 0 1 1 0 0 0 0/0 17:41 2:18 3:02
Players Stats for Canadiens
Player Name G A P +/- PIM S H SB GA TA FO MP PP MP PK MP
------------------------------------------------------------------------------------
Andrei Loktionov 1 0 1 0 0 6 2 1 0 0 13/31 21:10 5:47 2:44
Brooks Laich 0 0 0 0 0 0 1 0 0 0 5/17 14:09 0:00 6:14
Dan Boyle 0 0 0 0 0 0 1 0 0 1 0/0 19:40 3:55 0:54
Dennis Wideman 0 1 1 0 0 1 1 0 1 0 0/0 28:15 5:40 3:38
Devin Setoguchi 0 0 0 0 0 2 0 0 0 0 0/0 9:59 0:00 0:00
Drew Miller 0 0 0 0 0 1 0 0 0 1 0/0 20:13 3:48 4:34
Dustin Boyd 0 1 1 0 2 1 0 0 0 0 2/3 11:13 0:00 3:24
Evgeny Dadonov 0 1 1 0 0 1 0 0 0 0 0/0 6:16 0:00 0:00
Greg Stewart 1 0 1 0 0 2 1 0 0 0 0/0 11:24 0:00 3:48
Jiri Fischer 0 0 0 1 0 2 1 3 0 0 0/0 23:11 3:55 6:59
Jonas Hoglund 0 0 0 0 0 0 1 0 0 0 0/1 9:39 3:48 0:00
Ladislav Smid 0 0 0 -1 0 0 0 3 0 0 0/0 14:07 0:00 6:59
Marc Savard 0 0 0 0 0 1 1 0 2 0 7/10 14:18 3:48 0:00
Marek Svatos 1 1 2 0 4 5 0 0 1 0 1/3 19:06 5:47 0:00
Matt Carle 0 0 0 -1 4 0 1 1 0 0 0/0 12:43 0:00 3:53
Patrick Sharp 0 2 2 0 0 5 3 0 0 0 3/4 19:56 5:47 1:21
Rene Bourque 0 0 0 0 2 0 1 0 0 0 0/0 7:20 0:00 0:00
Torey Krug 0 0 0 1 6 1 2 1 0 0 0/0 23:00 5:39 0:39
3 Stars
1 - Henrik Zetterberg (TB.)
2 - Patrick Sharp (Mon)
3 - Andrei Loktionov (Mon)
Power Play
Lightning - 3 on 9 Attempt(s) - 33,33%
Canadiens - 1 on 5 Attempt(s) - 20,00%
Penalty Kill
Lightning - 4 on 5 Attempt(s) - 80,00%
- Score 0 goal in Penalty Kill
Canadiens - 6 on 9 Attempt(s) - 66,67%
- Score 0 goal in Penalty Kill
Team Stat
Lightning - Hits : 24 - Faceoff Wins : 38 - Blocked Shots : 8 - Penalty Minutes : 13
Canadiens - Hits : 16 - Faceoff Wins : 31 - Blocked Shots : 9 - Penalty Minutes : 18
Official
Referees : Kozari Steve and Rehman Kyle
Linesman : Scott Driscoll and Steve Barton
Game Notes
No Game Note
Finance
Level 1 -- Attendance: 5571 (92,85%) -- Ticket Income 479 106 $
Level 2 -- Attendance: 5000 (100,00%) -- Ticket Income 250 000 $
Level 3 -- Attendance: 1993 (99,65%) -- Ticket Income 61 783 $
Level 4 -- Attendance: 3673 (91,83%) -- Ticket Income 80 806 $
Luxury Box -- Attendance: 1000 (100,00%) -- Ticket Income 165 000 $
Game was played at the Centre Bell.
Total Attendance: 17237 (95,76%)
Total Ticket Income: 1 036 695 $
Other Income: 155 504 $
Total Income: 1 192 199 $
Lightning
5 vs 5 Forward
Center Left Wing Right Wing Time % Phy DF OF
1 Robert Nilsson Henrik Zetterberg Jamie Langenbrunner 40 1 2 2
2 Logan Couture Chris Higgins Kris Versteeg 30 1 2 2
3 Pierre-Marc Bouchard Daniel Carcillo Wayne Simmonds 20 1 2 2
4 Darroll Powe Pierre-Luc Létourneau Sheldon Keefe 10 1 2 2
5 vs 5 Defense
Defense Defense Time % Phy DF OF
1 Brent Burns Jeff Schultz 40 1 2 2
2 John Carlson Andy Rogers 30 1 2 2
3 Wes O'Neill Victor Hedman 20 1 2 2
4 Brent Burns John Carlson 10 1 2 2
PowerPlay Forward
Center Left Wing Right Wing Time % Phy DF OF
1 Robert Nilsson Henrik Zetterberg Kris Versteeg 60 1 2 2
2 Pierre-Marc Bouchard Chris Higgins Wayne Simmonds 40 1 2 2
PowerPlay Defense
Defense Defense Time % Phy DF OF
1 Brent Burns John Carlson 60 1 2 2
2 Victor Hedman Brent Burns 40 1 2 2
Penalty Kill 4 Players Forward
Center Wing Time % Phy DF OF
1 Logan Couture Sheldon Keefe 60 1 2 2
2 Darroll Powe Jamie Langenbrunner 40 1 2 2
Penalty Kill 4 Players Defense
Defense Defense Time % Phy DF OF
1 Andy Rogers Jeff Schultz 60 1 2 2
2 Brent Burns Wes O'Neill 40 1 2 2
Penalty Kill - 3 Players Forward
Forward Time % Phy DF OF
1 Wayne Simmonds 60 1 2 2
2 Logan Couture 40 1 2 2
Penalty Kill - 3 Players Defense
Defense Defense Time % Phy DF OF
1 Brent Burns Jeff Schultz 60 1 2 2
2 John Carlson Andy Rogers 40 1 2 2
4 vs 4 Forward
Center Wing Time % Phy DF OF
1 Robert Nilsson Kris Versteeg 60 1 2 2
2 Pierre-Marc Bouchard Henrik Zetterberg 40 1 2 2
4 vs 4 Defense
Defense Defense Time % Phy DF OF
1 Brent Burns Jeff Schultz 60 1 2 2
2 John Carlson Andy Rogers 40 1 2 2
Last Minutes Offensive
Center Left Wing Right Wing Defense Defense
Robert Nilsson Henrik Zetterberg Kris Versteeg Brent Burns John Carlson
Last Minutes Defensive
Center Left Wing Right Wing Defense Defense
Robert Nilsson Henrik Zetterberg Wayne Simmonds Andy Rogers Jeff Schultz
Goaltenders
Starting : Tyler Weiman
Backup : Erik Ersberg
Extra Forwards
Normal : Logan Couture, Daniel Carcillo, Sheldon Keefe - PP : Logan Couture, Daniel Carcillo - PK : Robert Nilsson
Extra Defensemen
Normal : Wes O'Neill, Victor Hedman, John Carlson - PP : Wes O'Neill - PK : Victor Hedman, John Carlson
Penalty Shots
Henrik Zetterberg, Robert Nilsson, Logan Couture, Chris Higgins, Daniel Carcillo
Canadiens
5 vs 5 Forward
Center Left Wing Right Wing Time % Phy DF OF
1 Andrei Loktionov Patrick Sharp Marek Svatos 40 1 2 2
2 Marc Savard Drew Miller Devin Setoguchi 30 1 2 2
3 Brooks Laich Evgeny Dadonov Jonas Hoglund 20 1 2 2
4 Dustin Boyd Greg Stewart Rene Bourque 10 1 2 2
5 vs 5 Defense
Defense Defense Time % Phy DF OF
1 Dennis Wideman Torey Krug 40 1 2 2
2 Dan Boyle Jiri Fischer 30 1 2 2
3 Ladislav Smid Matt Carle 20 1 2 2
4 Dennis Wideman Dan Boyle 10 1 2 2
PowerPlay Forward
Center Left Wing Right Wing Time % Phy DF OF
1 Andrei Loktionov Patrick Sharp Marek Svatos 60 1 2 2
2 Marc Savard Drew Miller Jonas Hoglund 40 1 2 2
PowerPlay Defense
Defense Defense Time % Phy DF OF
1 Dennis Wideman Torey Krug 60 1 2 2
2 Dan Boyle Jiri Fischer 40 1 2 2
Penalty Kill 4 Players Forward
Center Wing Time % Phy DF OF
1 Brooks Laich Drew Miller 60 1 2 2
2 Dustin Boyd Greg Stewart 40 1 2 2
Penalty Kill 4 Players Defense
Defense Defense Time % Phy DF OF
1 Jiri Fischer Ladislav Smid 60 1 2 2
2 Dennis Wideman Matt Carle 40 1 2 2
Penalty Kill - 3 Players Forward
Forward Time % Phy DF OF
1 Brooks Laich 60 1 2 2
2 Dustin Boyd 40 1 2 2
Penalty Kill - 3 Players Defense
Defense Defense Time % Phy DF OF
1 Jiri Fischer Ladislav Smid 60 1 2 2
2 Dennis Wideman Matt Carle 40 1 2 2
4 vs 4 Forward
Center Wing Time % Phy DF OF
1 Brooks Laich Drew Miller 60 1 2 2
2 Marc Savard Marek Svatos 40 1 2 2
4 vs 4 Defense
Defense Defense Time % Phy DF OF
1 Dennis Wideman Torey Krug 60 1 2 2
2 Dan Boyle Jiri Fischer 40 1 2 2
Last Minutes Offensive
Center Left Wing Right Wing Defense Defense
Marc Savard Patrick Sharp Marek Svatos Dennis Wideman Dan Boyle
Last Minutes Defensive
Center Left Wing Right Wing Defense Defense
Brooks Laich Patrick Sharp Marek Svatos Jiri Fischer Ladislav Smid
Goaltenders
Starting : Jonathan Bernier
Backup : Tobias Stephan
Extra Forwards
Normal : Evgeny Dadonov, Devin Setoguchi, Andrei Loktionov - PP : Devin Setoguchi, Evgeny Dadonov - PK : Andrei Loktionov
Extra Defensemen
Normal : Dennis Wideman, Matt Carle, Ladislav Smid - PP : Ladislav Smid - PK : Torey Krug, Dan Boyle
Penalty Shots
Patrick Sharp, Marc Savard, Drew Miller, Marek Svatos, Greg Stewart
% Time on Ice - Lightning
Lines # - Real PCT - Wanted PCT - Time Play
Normal Forward
1 - 38% - 40% - 14:07
2 - 29% - 30% - 10:54
3 - 20% - 20% - 7:23
4 - 13% - 10% - 4:43
Normal Defense
1 - 37% - 40% - 13:46
2 - 38% - 30% - 14:15
3 - 23% - 20% - 8:23
4 - 2% - 10% - 0:43
PP Forward
1 - 63% - 60% - 7:18
2 - 37% - 40% - 4:13
PP Defense
1 - 60% - 60% - 6:54
2 - 40% - 40% - 4:37
PK Forward
1 - 70% - 60% - 6:41
2 - 30% - 40% - 2:54
PK Defense
1 - 68% - 60% - 6:33
2 - 32% - 40% - 3:02
PK3 Forward
1 - 0% - 60%
2 - 0% - 40%
PK3 Defense
1 - 0% - 60%
2 - 0% - 40%
44 Forward
1 - 57% - 60% - 1:01
2 - 43% - 40% - 0:46
44 Defense
1 - 69% - 60% - 1:14
2 - 31% - 40% - 0:33
Last Minute Offensive - 0:00
Last Minute Defensive - 0:00
Total
Forward - 60:00
Defense - 60:00
|
% Time on Ice - Canadiens
Lines # - Real PCT - Wanted PCT - Time Play
Normal Forward
1 - 37% - 40% - 13:41
2 - 28% - 30% - 10:18
3 - 16% - 20% - 5:47
4 - 20% - 10% - 7:21
Normal Defense
1 - 44% - 40% - 16:21
2 - 30% - 30% - 11:14
3 - 19% - 20% - 6:54
4 - 7% - 10% - 2:38
PP Forward
1 - 60% - 60% - 5:47
2 - 40% - 40% - 3:48
PP Defense
1 - 59% - 60% - 5:40
2 - 41% - 40% - 3:55
PK Forward
1 - 80% - 60% - 8:25
2 - 20% - 40% - 2:10
PK Defense
1 - 66% - 60% - 7:00
2 - 34% - 40% - 3:35
PK3 Forward
1 - 100% - 60% - 0:56
2 - 0% - 40% - 0:00
PK3 Defense
1 - 77% - 60% - 0:43
2 - 23% - 40% - 0:13
44 Forward
1 - 75% - 60% - 1:20
2 - 25% - 40% - 0:27
44 Defense
1 - 69% - 60% - 1:14
2 - 31% - 40% - 0:33
Last Minute Offensive - 0:00
Last Minute Defensive - 0:00
Total
Forward - 60:00
Defense - 60:00
|
Play by Play
1st period
0:01 of 1st period - Robert Nilsson wins face-off versus Andrei Loktionov in neutral zone.
0:10 of 1st period - Snap shot by Robert Nilsson.
0:10 of 1st period - Stopped by Jonathan Bernier with a rebound.
0:12 of 1st period - Snap shot by Brent Burns.
0:12 of 1st period - Stopped by Jonathan Bernier without a rebound.
0:13 of 1st period - Marc Savard wins face-off versus Logan Couture in Canadiens zone.
3:05 of 1st period - Off-side.
3:06 of 1st period - Dustin Boyd wins face-off versus Logan Couture in neutral zone.
3:13 of 1st period - Snap shot by Greg Stewart.
3:13 of 1st period - Shot Misses the Net.
3:15 of 1st period - Snap shot by Rene Bourque.
3:15 of 1st period - Shot Misses the Net.
3:28 of 1st period - Icing by Victor Hedman.
3:29 of 1st period - Logan Couture wins face-off versus Andrei Loktionov in Lightning zone.
3:44 of 1st period - Icing by Patrick Sharp.
3:45 of 1st period - Henrik Zetterberg wins face-off versus Andrei Loktionov in Canadiens zone.
4:04 of 1st period - Snap shot by Patrick Sharp.
4:04 of 1st period - Shot Misses the Net.
4:18 of 1st period - Wrist shot by Patrick Sharp.
4:18 of 1st period - Stopped by Tyler Weiman without a rebound.
4:19 of 1st period - Wayne Simmonds wins face-off versus Marc Savard in Lightning zone.
4:55 of 1st period - Wrist shot by Chris Higgins.
4:55 of 1st period - Shot Misses the Net.
5:09 of 1st period - Snap shot by Sheldon Keefe.
5:09 of 1st period - Stopped by Jonathan Bernier with a rebound.
7:17 of 1st period - Slapshot by Chris Higgins.
7:17 of 1st period - Stopped by Jonathan Bernier with a rebound.
7:19 of 1st period - Snap shot by Brent Burns.
7:19 of 1st period - Deflect By Marc Savard.
7:19 of 1st period - Stopped by Jonathan Bernier without a rebound.
7:20 of 1st period - Robert Nilsson wins face-off versus Brooks Laich in Canadiens zone.
8:15 of 1st period - Wrist shot by Daniel Carcillo.
8:15 of 1st period - Stopped by Jonathan Bernier without a rebound.
8:16 of 1st period - Andrei Loktionov wins face-off versus Pierre-Marc Bouchard in Canadiens zone.
8:16 of 1st period - Andrei Loktionov is hit by Pierre-Marc Bouchard.
8:24 of 1st period - Snap shot by Andrei Loktionov.
8:24 of 1st period - Stopped by Tyler Weiman without a rebound.
8:25 of 1st period - Andrei Loktionov wins face-off versus Logan Couture in Lightning zone.
8:31 of 1st period - Minor Penalty to Kris Versteeg for Interference.
8:32 of 1st period - Andrei Loktionov wins face-off versus Logan Couture in Lightning zone.
8:41 of 1st period - Icing by Andrei Loktionov.
8:42 of 1st period - Andrei Loktionov wins face-off versus Logan Couture in Canadiens zone.
8:51 of 1st period - Backhand shot by Patrick Sharp.
8:51 of 1st period - Shot Misses the Net.
8:53 of 1st period - Slapshot by Dennis Wideman.
8:53 of 1st period - Shot Blocked by Jeff Schultz.
8:55 of 1st period - Snap shot by Marek Svatos.
8:55 of 1st period - Stopped by Tyler Weiman with a rebound.
8:57 of 1st period - Snap shot by Marek Svatos.
8:57 of 1st period - Goal by Marek Svatos - Lightning : 0 - Canadiens : 1.
8:58 of 1st period - Robert Nilsson wins face-off versus Andrei Loktionov in neutral zone.
9:03 of 1st period - Wrist shot by Henrik Zetterberg.
9:03 of 1st period - Deflect By Robert Nilsson.
9:03 of 1st period - Stopped by Jonathan Bernier with a rebound.
9:25 of 1st period - Drew Miller is hit by Logan Couture and loses puck.
10:26 of 1st period - Wrist shot by Henrik Zetterberg.
10:26 of 1st period - Goal by Henrik Zetterberg - Lightning : 1 - Canadiens : 1.
10:27 of 1st period - Henrik Zetterberg wins face-off versus Andrei Loktionov in neutral zone.
10:36 of 1st period - Wrist shot by Robert Nilsson.
10:36 of 1st period - Goal by Robert Nilsson - Lightning : 2 - Canadiens : 1.
10:37 of 1st period - Robert Nilsson wins face-off versus Andrei Loktionov in neutral zone.
10:51 of 1st period - Snap shot by Patrick Sharp.
10:51 of 1st period - Stopped by Tyler Weiman without a rebound.
10:52 of 1st period - Marc Savard wins face-off versus Logan Couture in Lightning zone.
11:31 of 1st period - Icing by Robert Nilsson.
11:32 of 1st period - Robert Nilsson wins face-off versus Andrei Loktionov in Lightning zone.
11:37 of 1st period - Wrist shot by Robert Nilsson.
11:37 of 1st period - Stopped by Jonathan Bernier without a rebound.
11:38 of 1st period - Robert Nilsson wins face-off versus Andrei Loktionov in Canadiens zone.
11:47 of 1st period - Wrist shot by Robert Nilsson.
11:47 of 1st period - Shot Blocked by Ladislav Smid.
11:49 of 1st period - Slapshot by Andy Rogers.
11:49 of 1st period - Stopped by Jonathan Bernier with a rebound.
12:12 of 1st period - Wrist shot by John Carlson.
12:12 of 1st period - Shot Blocked by Torey Krug.
12:30 of 1st period - Slapshot by Andrei Loktionov.
12:30 of 1st period - Deflect By Patrick Sharp.
12:30 of 1st period - Shot Misses the Net.
12:30 of 1st period - Puck is out of play.
12:31 of 1st period - Marc Savard wins face-off versus Robert Nilsson in Lightning zone.
12:44 of 1st period - Wrist shot by Robert Nilsson.
12:44 of 1st period - Stopped by Jonathan Bernier without a rebound.
12:45 of 1st period - Marc Savard wins face-off versus Robert Nilsson in Canadiens zone.
13:08 of 1st period - Icing by Drew Miller.
13:09 of 1st period - Marc Savard wins face-off versus Logan Couture in Canadiens zone.
13:16 of 1st period - Andy Rogers is hit by Marc Savard and loses puck.
13:21 of 1st period - Snap shot by Drew Miller.
13:21 of 1st period - Shot Misses the Net.
14:21 of 1st period - Wrist shot by Drew Miller.
14:21 of 1st period - Shot Blocked by John Carlson.
14:23 of 1st period - Snap shot by Marc Savard.
14:23 of 1st period - Shot Misses the Net.
14:25 of 1st period - Slapshot by Torey Krug.
14:25 of 1st period - Stopped by Tyler Weiman with a rebound.
14:27 of 1st period - Snap shot by Drew Miller.
14:27 of 1st period - Shot Misses the Net.
14:29 of 1st period - Snap shot by Marc Savard.
14:29 of 1st period - Stopped by Tyler Weiman with a rebound.
14:40 of 1st period - Minor Penalty to Torey Krug for Boarding.
14:41 of 1st period - Robert Nilsson wins face-off versus Brooks Laich in Canadiens zone.
15:11 of 1st period - Andrei Loktionov is hit by Pierre-Marc Bouchard.
16:40 of 1st period - Penalty to Torey Krug is over, Torey Krug is back on ice.
16:40 of 1st period - John Carlson is hit by Brooks Laich.
16:46 of 1st period - Torey Krug is hit by Sheldon Keefe and loses puck.
17:25 of 1st period - Chris Higgins is hit by Rene Bourque.
17:32 of 1st period - Icing by Greg Stewart.
17:33 of 1st period - Pierre-Marc Bouchard wins face-off versus Marek Svatos in Canadiens zone.
17:55 of 1st period - Major Penalty to Henrik Zetterberg for Boarding.
17:56 of 1st period - Patrick Sharp wins face-off versus Logan Couture in Lightning zone.
17:57 of 1st period - Wrist shot by Andrei Loktionov.
17:57 of 1st period - Stopped by Tyler Weiman without a rebound.
17:58 of 1st period - Logan Couture wins face-off versus Andrei Loktionov in Lightning zone.
19:57 of 1st period - Brent Burns is hit by Patrick Sharp and loses puck.
Goals for this period are 2 for Lightning vs 1 for Canadiens.
Shots for this period are 12 for Lightning vs 8 for Canadiens.
2nd period
0:01 of 2nd period - Andrei Loktionov wins face-off versus Logan Couture in neutral zone.
0:26 of 2nd period - Drew Miller is hit by Darroll Powe and loses puck.
1:07 of 2nd period - Minor Penalty to Torey Krug for Charging.
1:08 of 2nd period - Brooks Laich wins face-off versus Robert Nilsson in Canadiens zone.
1:08 of 2nd period - Brooks Laich is hit by Jeff Schultz.
2:05 of 2nd period - Slapshot by Pierre-Marc Bouchard.
2:05 of 2nd period - Shot Blocked by Jiri Fischer.
2:07 of 2nd period - Snap shot by Logan Couture.
2:07 of 2nd period - Shot Misses the Net.
2:09 of 2nd period - Snap shot by Logan Couture.
2:09 of 2nd period - Stopped by Jonathan Bernier without a rebound.
2:10 of 2nd period - Robert Nilsson wins face-off versus Brooks Laich in Canadiens zone.
2:25 of 2nd period - Slapshot by John Carlson.
2:25 of 2nd period - Deflect By Pierre-Marc Bouchard.
2:25 of 2nd period - Shot Misses the Net.
2:25 of 2nd period - Puck is out of play.
2:26 of 2nd period - Pierre-Marc Bouchard wins face-off versus Marc Savard in Canadiens zone.
2:29 of 2nd period - Wrist shot by Logan Couture.
2:29 of 2nd period - Stopped by Jonathan Bernier without a rebound.
2:30 of 2nd period - Pierre-Marc Bouchard wins face-off versus Brooks Laich in Canadiens zone.
2:55 of 2nd period - Penalty to Henrik Zetterberg is over, Henrik Zetterberg is back on ice.
3:07 of 2nd period - Penalty to Torey Krug is over, Torey Krug is back on ice.
3:16 of 2nd period - Wrist shot by Robert Nilsson.
3:16 of 2nd period - Stopped by Jonathan Bernier with a rebound.
3:18 of 2nd period - Slapshot by Robert Nilsson.
3:18 of 2nd period - Deflect By Kris Versteeg.
3:18 of 2nd period - Shot Blocked by Ladislav Smid.
3:18 of 2nd period - Puck is out of play.
3:19 of 2nd period - Pierre-Marc Bouchard wins face-off versus Andrei Loktionov in Canadiens zone.
3:42 of 2nd period - Minor Penalty to John Carlson for Hooking.
3:43 of 2nd period - Logan Couture wins face-off versus Andrei Loktionov in Lightning zone.
3:52 of 2nd period - Sheldon Keefe is hit by Torey Krug.
4:00 of 2nd period - Snap shot by Patrick Sharp.
4:00 of 2nd period - Stopped by Tyler Weiman with a rebound.
4:10 of 2nd period - Marc Savard is hit by Darroll Powe and loses puck.
4:21 of 2nd period - Slapshot by Brent Burns.
4:21 of 2nd period - Stopped by Jonathan Bernier without a rebound.
4:22 of 2nd period - Logan Couture wins face-off versus Andrei Loktionov in Canadiens zone.
5:10 of 2nd period - Sheldon Keefe is hit by Andrei Loktionov and loses puck.
5:42 of 2nd period - Penalty to John Carlson is over, John Carlson is back on ice.
5:50 of 2nd period - Snap shot by Dustin Boyd.
5:50 of 2nd period - Stopped by Tyler Weiman with a rebound.
7:38 of 2nd period - Snap shot by Robert Nilsson.
7:38 of 2nd period - Shot Misses the Net.
7:40 of 2nd period - Wrist shot by Wes O'Neill.
7:40 of 2nd period - Deflect By Robert Nilsson.
7:40 of 2nd period - Stopped by Jonathan Bernier with a rebound.
8:04 of 2nd period - Snap shot by Robert Nilsson.
8:04 of 2nd period - Stopped by Jonathan Bernier without a rebound.
8:05 of 2nd period - Patrick Sharp wins face-off versus Logan Couture in Canadiens zone.
8:11 of 2nd period - Slapshot by Andrei Loktionov.
8:11 of 2nd period - Stopped by Tyler Weiman without a rebound.
8:12 of 2nd period - Andrei Loktionov wins face-off versus Logan Couture in Lightning zone.
8:15 of 2nd period - Snap shot by Patrick Sharp.
8:15 of 2nd period - Shot Misses the Net.
8:17 of 2nd period - Wrist shot by Patrick Sharp.
8:17 of 2nd period - Deflect By Andrei Loktionov.
8:17 of 2nd period - Stopped by Tyler Weiman without a rebound.
8:18 of 2nd period - Marek Svatos wins face-off versus Logan Couture in Lightning zone.
8:21 of 2nd period - Wrist shot by Patrick Sharp.
8:21 of 2nd period - Shot Misses the Net.
8:31 of 2nd period - Snap shot by Kris Versteeg.
8:31 of 2nd period - Deflect By Logan Couture.
8:31 of 2nd period - Shot Misses the Net.
8:31 of 2nd period - Puck is out of play.
8:32 of 2nd period - Pierre-Marc Bouchard wins face-off versus Andrei Loktionov in Canadiens zone.
8:37 of 2nd period - Slapshot by Wayne Simmonds.
8:37 of 2nd period - Shot Misses the Net.
8:45 of 2nd period - Slapshot by Patrick Sharp.
8:45 of 2nd period - Stopped by Tyler Weiman without a rebound.
8:46 of 2nd period - Andrei Loktionov wins face-off versus Logan Couture in Lightning zone.
8:47 of 2nd period - Backhand shot by Marek Svatos.
8:47 of 2nd period - Shot Misses the Net.
8:59 of 2nd period - Slapshot by Victor Hedman.
8:59 of 2nd period - Shot Misses the Net.
9:01 of 2nd period - Wrist shot by Logan Couture.
9:01 of 2nd period - Shot Blocked by Matt Carle.
9:03 of 2nd period - Snap shot by Logan Couture.
9:03 of 2nd period - Shot Blocked by Andrei Loktionov.
9:46 of 2nd period - Dan Boyle is hit by Jeff Schultz and loses puck.
10:00 of 2nd period - Off-side.
10:01 of 2nd period - Marc Savard wins face-off versus Logan Couture in neutral zone.
10:42 of 2nd period - Minor Penalty to Wayne Simmonds for Hooking.
10:43 of 2nd period - Logan Couture wins face-off versus Andrei Loktionov in Lightning zone.
10:54 of 2nd period - Snap shot by Torey Krug.
10:54 of 2nd period - Shot Blocked by Sheldon Keefe.
10:56 of 2nd period - Snap shot by Marek Svatos.
10:56 of 2nd period - Stopped by Tyler Weiman without a rebound.
10:57 of 2nd period - Sheldon Keefe wins face-off versus Marek Svatos in Lightning zone.
11:40 of 2nd period - Wes O'Neill is hit by Dan Boyle and loses puck.
12:42 of 2nd period - Penalty to Wayne Simmonds is over, Wayne Simmonds is back on ice.
13:29 of 2nd period - Devin Setoguchi is hit by Logan Couture and loses puck.
13:49 of 2nd period - Sheldon Keefe is hit by Greg Stewart and loses puck.
14:09 of 2nd period - Snap shot by Daniel Carcillo.
14:09 of 2nd period - Shot Blocked by Ladislav Smid.
14:25 of 2nd period - Slapshot by Matt Carle.
14:25 of 2nd period - Shot Misses the Net.
14:37 of 2nd period - Wrist shot by Rene Bourque.
14:37 of 2nd period - Shot Misses the Net.
15:07 of 2nd period - Backhand shot by Wayne Simmonds.
15:07 of 2nd period - Stopped by Jonathan Bernier with a rebound.
15:09 of 2nd period - Slapshot by Wes O'Neill.
15:09 of 2nd period - Stopped by Jonathan Bernier with a rebound.
15:11 of 2nd period - Snap shot by Pierre-Marc Bouchard.
15:11 of 2nd period - Stopped by Jonathan Bernier with a rebound.
16:09 of 2nd period - Snap shot by Daniel Carcillo.
16:09 of 2nd period - Shot Misses the Net.
16:16 of 2nd period - Minor Penalty to Rene Bourque for Hooking.
16:17 of 2nd period - Robert Nilsson wins face-off versus Brooks Laich in Canadiens zone.
16:31 of 2nd period - Ladislav Smid is hit by Kris Versteeg and loses puck.
16:46 of 2nd period - Wrist shot by Robert Nilsson.
16:46 of 2nd period - Stopped by Jonathan Bernier without a rebound.
16:47 of 2nd period - Wayne Simmonds wins face-off versus Dustin Boyd in Canadiens zone.
17:08 of 2nd period - Minor Penalty to Dustin Boyd for High sticking.
17:09 of 2nd period - Robert Nilsson wins face-off versus Brooks Laich in Canadiens zone.
17:16 of 2nd period - Slapshot by Robert Nilsson.
17:16 of 2nd period - Stopped by Jonathan Bernier without a rebound.
17:17 of 2nd period - Robert Nilsson wins face-off versus Brooks Laich in Canadiens zone.
17:58 of 2nd period - Snap shot by Kris Versteeg.
17:58 of 2nd period - Deflect By Robert Nilsson.
17:58 of 2nd period - Shot Misses the Net.
17:58 of 2nd period - Puck is out of play.
17:59 of 2nd period - Pierre-Marc Bouchard wins face-off versus Brooks Laich in Canadiens zone.
18:04 of 2nd period - Wrist shot by Wayne Simmonds.
18:04 of 2nd period - Goal by Wayne Simmonds - Lightning : 3 - Canadiens : 1.
18:05 of 2nd period - Robert Nilsson wins face-off versus Brooks Laich in neutral zone.
18:39 of 2nd period - Wrist shot by Pierre-Marc Bouchard.
18:39 of 2nd period - Shot Blocked by Jiri Fischer.
18:41 of 2nd period - Snap shot by Pierre-Marc Bouchard.
18:41 of 2nd period - Shot Misses the Net.
19:05 of 2nd period - Matt Carle is hit by Pierre-Marc Bouchard and loses puck.
19:08 of 2nd period - Penalty to Dustin Boyd is over, Dustin Boyd is back on ice.
19:16 of 2nd period - Victor Hedman is hit by Matt Carle and loses puck.
19:46 of 2nd period - Snap shot by Chris Higgins.
19:46 of 2nd period - Deflect By Kris Versteeg.
19:46 of 2nd period - Stopped by Jonathan Bernier without a rebound.
19:47 of 2nd period - Logan Couture wins face-off versus Jonas Hoglund in Canadiens zone.
19:56 of 2nd period - Snap shot by Kris Versteeg.
19:56 of 2nd period - Stopped by Jonathan Bernier without a rebound.
19:57 of 2nd period - Andrei Loktionov wins face-off versus Robert Nilsson in Canadiens zone.
19:57 of 2nd period - Andrei Loktionov is hit by Jamie Langenbrunner.
Goals for this period are 1 for Lightning vs 0 for Canadiens.
Shots for this period are 14 for Lightning vs 6 for Canadiens.
3rd period
0:01 of 3rd period - Andrei Loktionov wins face-off versus Henrik Zetterberg in neutral zone.
0:04 of 3rd period - Wrist shot by Andrei Loktionov.
0:04 of 3rd period - Deflect By Patrick Sharp.
0:04 of 3rd period - Shot Blocked by Brent Burns.
0:04 of 3rd period - Puck is out of play.
0:05 of 3rd period - Andrei Loktionov wins face-off versus Robert Nilsson in Lightning zone.
0:32 of 3rd period - Snap shot by Drew Miller.
0:32 of 3rd period - Stopped by Tyler Weiman without a rebound.
0:33 of 3rd period - Logan Couture wins face-off versus Marc Savard in Lightning zone.
0:58 of 3rd period - Devin Setoguchi is hit by Logan Couture and loses puck.
1:34 of 3rd period - Minor Penalty to Kris Versteeg for Hooking.
1:35 of 3rd period - Robert Nilsson wins face-off versus Andrei Loktionov in Lightning zone.
1:45 of 3rd period - Wrist shot by Andrei Loktionov.
1:45 of 3rd period - Stopped by Tyler Weiman without a rebound.
1:46 of 3rd period - Robert Nilsson wins face-off versus Andrei Loktionov in Lightning zone.
1:59 of 3rd period - Backhand shot by Dennis Wideman.
1:59 of 3rd period - Deflect By Patrick Sharp.
1:59 of 3rd period - Shot Misses the Net.
1:59 of 3rd period - Puck is out of play.
2:00 of 3rd period - Andrei Loktionov wins face-off versus Logan Couture in Lightning zone.
2:39 of 3rd period - Slapshot by Torey Krug.
2:39 of 3rd period - Deflect By Marc Savard.
2:39 of 3rd period - Shot Blocked by Darroll Powe.
2:39 of 3rd period - Puck is out of play.
2:40 of 3rd period - Marc Savard wins face-off versus Darroll Powe in Lightning zone.
3:16 of 3rd period - Logan Couture is hit by Andrei Loktionov and loses puck.
3:23 of 3rd period - Wrist shot by Andrei Loktionov.
3:23 of 3rd period - Shot Misses the Net.
3:34 of 3rd period - Penalty to Kris Versteeg is over, Kris Versteeg is back on ice.
4:35 of 3rd period - Snap shot by Robert Nilsson.
4:35 of 3rd period - Shot Hit the Post.
5:04 of 3rd period - Off-side.
5:05 of 3rd period - Dustin Boyd wins face-off versus Logan Couture in neutral zone.
5:32 of 3rd period - Jeff Schultz is hit by Jonas Hoglund and loses puck.
5:57 of 3rd period - Pierre-Marc Bouchard is hit by Patrick Sharp and loses puck.
6:14 of 3rd period - Marc Savard is hit by Pierre-Luc Létourneau and loses puck.
6:20 of 3rd period - Dennis Wideman is hit by John Carlson and loses puck.
6:23 of 3rd period - Snap shot by Devin Setoguchi.
6:23 of 3rd period - Stopped by Tyler Weiman with a rebound.
6:25 of 3rd period - Wrist shot by Devin Setoguchi.
6:25 of 3rd period - Stopped by Tyler Weiman without a rebound.
6:26 of 3rd period - Patrick Sharp wins face-off versus Robert Nilsson in Lightning zone.
6:33 of 3rd period - Slapshot by Andrei Loktionov.
6:33 of 3rd period - Shot Misses the Net.
6:35 of 3rd period - Slapshot by Jiri Fischer.
6:35 of 3rd period - Stopped by Tyler Weiman with a rebound.
6:37 of 3rd period - Snap shot by Jiri Fischer.
6:37 of 3rd period - Shot Blocked by Brent Burns.
6:41 of 3rd period - Snap shot by Marek Svatos.
6:41 of 3rd period - Deflect By Patrick Sharp.
6:41 of 3rd period - Stopped by Tyler Weiman without a rebound.
6:42 of 3rd period - Brooks Laich wins face-off versus Logan Couture in Lightning zone.
6:43 of 3rd period - Slapshot by Evgeny Dadonov.
6:43 of 3rd period - Deflect By Jonas Hoglund.
6:43 of 3rd period - Shot Misses the Net.
6:43 of 3rd period - Puck is out of play.
6:44 of 3rd period - Brooks Laich wins face-off versus Chris Higgins in Lightning zone.
7:15 of 3rd period - Wrist shot by Andrei Loktionov.
7:15 of 3rd period - Goal by Andrei Loktionov - Lightning : 3 - Canadiens : 2.
7:16 of 3rd period - Robert Nilsson wins face-off versus Andrei Loktionov in neutral zone.
7:25 of 3rd period - Wrist shot by Henrik Zetterberg.
7:25 of 3rd period - Shot Misses the Net.
7:34 of 3rd period - Minor Penalty to Torey Krug for Hooking.
7:35 of 3rd period - Brooks Laich wins face-off versus Robert Nilsson in Canadiens zone.
7:43 of 3rd period - Slapshot by John Carlson.
7:43 of 3rd period - Stopped by Jonathan Bernier with a rebound.
7:45 of 3rd period - Slapshot by Brent Burns.
7:45 of 3rd period - Shot Misses the Net.
7:47 of 3rd period - Wrist shot by Henrik Zetterberg.
7:47 of 3rd period - Shot Blocked by Jiri Fischer.
9:12 of 3rd period - Jiri Fischer is hit by Wayne Simmonds and loses puck.
9:34 of 3rd period - Penalty to Torey Krug is over, Torey Krug is back on ice.
10:03 of 3rd period - Wrist shot by Marek Svatos.
10:03 of 3rd period - Stopped by Tyler Weiman with a rebound.
10:05 of 3rd period - Slapshot by Jiri Fischer.
10:05 of 3rd period - Stopped by Tyler Weiman with a rebound.
10:07 of 3rd period - Wrist shot by Patrick Sharp.
10:07 of 3rd period - Shot Misses the Net.
10:09 of 3rd period - Wrist shot by Marek Svatos.
10:09 of 3rd period - Stopped by Tyler Weiman with a rebound.
11:01 of 3rd period - Wrist shot by Drew Miller.
11:01 of 3rd period - Shot Blocked by Jeff Schultz.
11:11 of 3rd period - Jeff Schultz is hit by Dennis Wideman and loses puck.
11:45 of 3rd period - Patrick Sharp is hit by Chris Higgins.
11:57 of 3rd period - Slapshot by Jonas Hoglund.
11:57 of 3rd period - Shot Misses the Net.
12:22 of 3rd period - Jamie Langenbrunner is hit by Torey Krug and loses puck.
12:41 of 3rd period - Slapshot by Marek Svatos.
12:41 of 3rd period - Deflect By Patrick Sharp.
12:41 of 3rd period - Shot Blocked by Victor Hedman.
12:41 of 3rd period - Puck is out of play.
12:42 of 3rd period - Robert Nilsson wins face-off versus Patrick Sharp in Lightning zone.
12:42 of 3rd period - Robert Nilsson is hit by Patrick Sharp.
13:04 of 3rd period - Double Minor Penalty to Matt Carle for Charging.
13:05 of 3rd period - Robert Nilsson wins face-off versus Brooks Laich in Canadiens zone.
13:18 of 3rd period - Snap shot by Henrik Zetterberg.
13:18 of 3rd period - Shot Misses the Net.
13:20 of 3rd period - Wrist shot by John Carlson.
13:20 of 3rd period - Goal by John Carlson - Lightning : 4 - Canadiens : 2.
13:21 of 3rd period - Henrik Zetterberg wins face-off versus Brooks Laich in neutral zone.
13:24 of 3rd period - Brooks Laich is hit by Henrik Zetterberg.
13:28 of 3rd period - Drew Miller is hit by Henrik Zetterberg and loses puck.
13:33 of 3rd period - Snap shot by Kris Versteeg.
13:33 of 3rd period - Shot Misses the Net.
13:35 of 3rd period - Slapshot by Brent Burns.
13:35 of 3rd period - Goal by Brent Burns - Lightning : 5 - Canadiens : 2.
13:36 of 3rd period - Jamie Langenbrunner wins face-off versus Andrei Loktionov in neutral zone.
13:49 of 3rd period - Snap shot by Henrik Zetterberg.
13:49 of 3rd period - Stopped by Jonathan Bernier without a rebound.
13:50 of 3rd period - Andrei Loktionov wins face-off versus Robert Nilsson in Canadiens zone.
13:50 of 3rd period - Andrei Loktionov is hit by Brent Burns.
14:58 of 3rd period - Wrist shot by Evgeny Dadonov.
14:58 of 3rd period - Stopped by Tyler Weiman with a rebound.
15:06 of 3rd period - Wrist shot by Greg Stewart.
15:06 of 3rd period - Stopped by Tyler Weiman with a rebound.
15:08 of 3rd period - Snap shot by Greg Stewart.
15:08 of 3rd period - Goal by Greg Stewart - Lightning : 5 - Canadiens : 3.
15:09 of 3rd period - Brooks Laich wins face-off versus Pierre-Marc Bouchard in neutral zone.
15:24 of 3rd period - Snap shot by Pierre-Marc Bouchard.
15:24 of 3rd period - Deflect By Wayne Simmonds.
15:24 of 3rd period - Stopped by Jonathan Bernier without a rebound.
15:25 of 3rd period - Andrei Loktionov wins face-off versus Robert Nilsson in Canadiens zone.
15:25 of 3rd period - Andrei Loktionov is hit by Jeff Schultz.
15:33 of 3rd period - Snap shot by Dennis Wideman.
15:33 of 3rd period - Stopped by Tyler Weiman with a rebound.
15:42 of 3rd period - Double Minor Penalty to Marek Svatos for Charging.
15:43 of 3rd period - Robert Nilsson wins face-off versus Brooks Laich in Canadiens zone.
15:43 of 3rd period - Snap shot by Henrik Zetterberg.
15:43 of 3rd period - Shot Misses the Net.
16:21 of 3rd period - Jiri Fischer is hit by Pierre-Marc Bouchard and loses puck.
18:44 of 3rd period - Pierre-Luc Létourneau is hit by Jiri Fischer.
18:52 of 3rd period - Jiri Fischer is hit by Wes O'Neill and loses puck.
19:31 of 3rd period - Torey Krug is hit by Henrik Zetterberg and loses puck.
19:42 of 3rd period - Penalty to Marek Svatos is over, Marek Svatos is back on ice.
Goals for this period are 2 for Lightning vs 2 for Canadiens.
Shots for this period are 5 for Lightning vs 14 for Canadiens.
Back to the Top